| TOP OF THE 1ST |
|
Vermont Lake Monsters batting - Pitching for Connecticut Tigers : RHP Jared Barger
|
|
Pitching: RHP Jared Barger
|
|
|
Batting: RHB Carlos Martinez
|
0-0: Called Strike 0-1: Swinging Strike 0-2: Ball 1-2: Foul Ball, location: 2F 1-2: Ground out U3 (Groundball, 34, EV 105.6 MPH)
|
|
Batting: RHB Mario Ramos
|
0-0: Foul Ball, location: 2F 0-1: Ball 1-1: Ground out 5-3 (Groundball, 5, EV 83.8 MPH)
|
|
Batting: LHB Cy Ostrowski
|
0-0: Ball 1-0: Ground out 5-3 (Groundball, 56, EV 99.4 MPH)
|
| Top of the 1st over - 0 runs, 0 hits, 0 errors, 0 left on base; Vermont 0 - Connecticut 0 |
| BOTTOM OF THE 1ST |
|
Connecticut Tigers batting - Pitching for Vermont Lake Monsters : LHP Jeff Troxel
|
|
Pitching: LHP Jeff Troxel
|
|
|
Batting: RHB Omar del Pino
|
0-0: Ball 1-0: Ball 2-0: Called Strike 2-1: Fly out, F4 (Popup, 4M, EV 70.6 MPH)
|
|
Batting: LHB Jon Pedlar
|
0-0: Foul Ball, location: 2F 0-1: Ground out U3 (Groundball, 3, EV 103.8 MPH)
|
|
Batting: RHB Jeremiah Washington
|
0-0: Ball 1-0: Ball 2-0: Called Strike 2-1: Ball 3-1: Base on Balls
|
|
Batting: LHB Claudio Kamminga
|
0-0: Ball 1-0: Swinging Strike 1-1: Ball 2-1: Swinging Strike Balk! Jeremiah Washington to second 2-2: Strikes out looking
|
| Bottom of the 1st over - 0 runs, 0 hits, 0 errors, 1 left on base; Vermont 0 - Connecticut 0 |
| TOP OF THE 2ND |
|
Vermont Lake Monsters batting - Pitching for Connecticut Tigers : RHP Jared Barger
|
|
Batting: RHB Manny Vizzerra
|
0-0: Ground out 6-3 (Groundball, 6, EV 106.9 MPH)
|
|
Batting: RHB Edgar Landim
|
0-0: Ball 1-0: Ball 2-0: Ball 3-0: Called Strike 3-1: Swinging Strike 3-2: Foul Ball, location: 2F 3-2: Foul Ball, location: 2F 3-2: Foul Ball, location: 2F 3-2: Strikes out swinging
|
|
Batting: RHB Bastiaan Leenders
|
0-0: Called Strike 0-1: Swinging Strike 0-2: Ball 1-2: Strikes out swinging
|
| Top of the 2nd over - 0 runs, 0 hits, 0 errors, 0 left on base; Vermont 0 - Connecticut 0 |
| BOTTOM OF THE 2ND |
|
Connecticut Tigers batting - Pitching for Vermont Lake Monsters : LHP Jeff Troxel
|
|
Batting: LHB Bobby Adams
|
0-0: Ball 1-0: Ball 2-0: Ground out 6-3 (Groundball, 56, EV 86.2 MPH)
|
|
Batting: LHB Glen Boyle
|
0-0: Ball 1-0: Ground out 4-3 (Groundball, 34, EV 98.1 MPH)
|
|
Batting: LHB Andy Sanchez
|
0-0: Foul Ball, location: 2F 0-1: Ball 1-1: Ball 2-1: Called Strike 2-2: Foul Ball, location: 2F 2-2: Ball 3-2: Strikes out swinging
|
| Bottom of the 2nd over - 0 runs, 0 hits, 0 errors, 0 left on base; Vermont 0 - Connecticut 0 |
| TOP OF THE 3RD |
|
Vermont Lake Monsters batting - Pitching for Connecticut Tigers : RHP Jared Barger
|
|
Batting: RHB Fathi Addae
|
0-0: Ball 1-0: Called Strike 1-1: Foul Ball, location: 2F 1-2: Fly out, F8 (Line Drive, 89M, EV 90.6 MPH)
|
|
Batting: LHB Mario Cardona
|
0-0: Ground out 5-3 (Groundball, 5, EV 85.0 MPH)
|
|
Batting: RHB Liangde Tseng
|
0-0: Ball 1-0: Swinging Strike 1-1: Ball 2-1: Swinging Strike 2-2: Strikes out swinging
|
| Top of the 3rd over - 0 runs, 0 hits, 0 errors, 0 left on base; Vermont 0 - Connecticut 0 |
| BOTTOM OF THE 3RD |
|
Connecticut Tigers batting - Pitching for Vermont Lake Monsters : LHP Jeff Troxel
|
|
Batting: SHB Julio Ramos
|
0-0: Ball 1-0: Ball 2-0: Ground out 5-3 (Groundball, 56, EV 108.1 MPH)
|
|
Batting: SHB Duri Chilemba
|
0-0: Swinging Strike 0-1: Swinging Strike 0-2: DOUBLE (Line Drive, 8LXD, EV 108.1 MPH)
|
|
Batting: RHB Omar del Pino
|
0-0: Called Strike 0-1: Ball 1-1: Called Strike 1-2: Ground out 6-3 (Groundball, 6, EV 81.9 MPH)
|
|
Batting: LHB Jon Pedlar
|
0-0: Called Strike 0-1: Ball Passed Ball! Duri Chilemba to third 1-1: Ball 2-1: Called Strike 2-2: Ground out U3 (Groundball, 34, EV 98.1 MPH)
|
| Bottom of the 3rd over - 0 runs, 1 hit, 0 errors, 1 left on base; Vermont 0 - Connecticut 0 |
| TOP OF THE 4TH |
|
Vermont Lake Monsters batting - Pitching for Connecticut Tigers : RHP Jared Barger
|
|
Batting: RHB Carlos Martinez
|
0-0: Ball 1-0: Called Strike 1-1: Ball 2-1: Called Strike 2-2: Ground out 5-3 (Groundball, 56S, EV 85.0 MPH)
|
|
Batting: RHB Mario Ramos
|
0-0: Foul Ball, location: 2F 0-1: Ball 1-1: Swinging Strike 1-2: Ground out 6-3 (Groundball, 6, EV 81.9 MPH)
|
|
Batting: LHB Cy Ostrowski
|
0-0: Called Strike 0-1: Ball 1-1: Fly out, F3 (Line Drive, 3, EV 63.1 MPH)
|
| Top of the 4th over - 0 runs, 0 hits, 0 errors, 0 left on base; Vermont 0 - Connecticut 0 |
| BOTTOM OF THE 4TH |
|
Connecticut Tigers batting - Pitching for Vermont Lake Monsters : LHP Jeff Troxel
|
|
Batting: RHB Jeremiah Washington
|
0-0: Ball 1-0: Called Strike 1-1: SINGLE (Groundball, 6MD, EV 109.4 MPH) (infield hit)
|
|
Batting: LHB Claudio Kamminga
|
0-0: Fly out, F7 (Flyball, 7S, EV 95.0 MPH)
|
|
Batting: LHB Bobby Adams
|
0-0: Swinging Strike 0-1: Ground out 4-3 (Groundball, 34D, EV 98.1 MPH) Jeremiah Washington to second
|
|
Batting: LHB Glen Boyle
|
0-0: Swinging Strike 0-1: Ball 1-1: Foul Ball, location: 2F 1-2: Ball 2-2: Ground out 6-3 (Groundball, 6, EV 80.0 MPH)
|
| Bottom of the 4th over - 0 runs, 1 hit, 0 errors, 1 left on base; Vermont 0 - Connecticut 0 |
| TOP OF THE 5TH |
|
Vermont Lake Monsters batting - Pitching for Connecticut Tigers : RHP Jared Barger
|
|
Batting: RHB Manny Vizzerra
|
0-0: Foul Ball, location: 2F 0-1: Ball 1-1: Called Strike 1-2: Strikes out swinging
|
|
Batting: RHB Edgar Landim
|
0-0: SINGLE (Line Drive, 3D, EV 100.0 MPH)
|
|
Batting: RHB Bastiaan Leenders
|
0-0: Called Strike 0-1: Called Strike 0-2: Ball 1-2: Foul Ball, location: 2F 1-2: SINGLE (Groundball, 6D, EV 110.0 MPH) Edgar Landim to second
|
|
Batting: RHB Fathi Addae
|
0-0: Ball 1-0: SINGLE (Flyball, 89S, EV 91.9 MPH) Edgar Landim to third Bastiaan Leenders to second Runner from 3rd tries for Home, SAFE, throw by RF to home
|
|
Now in RF: Emil Wilbrink
|
|
|
Batting: LHB Mario Cardona
|
0-0: Ball 1-0: Foul Ball, location: 2F 1-1: Ball 2-1: Foul Ball, location: 2F 2-2: Foul Ball, location: 2F 2-2: Strikes out swinging
|
|
Batting: RHB Liangde Tseng
|
0-0: Ball 1-0: Ball 2-0: Called Strike 2-1: Ball 3-1: Called Strike 3-2: Ground out 5-3 (Groundball, 5S, EV 80.6 MPH)
|
| Top of the 5th over - 1 run, 3 hits, 0 errors, 2 left on base; Vermont 1 - Connecticut 0 |
| BOTTOM OF THE 5TH |
|
Connecticut Tigers batting - Pitching for Vermont Lake Monsters : LHP Jeff Troxel
|
|
Batting: RHB Emil Wilbrink
|
0-0: Ball 1-0: Ball 2-0: Called Strike 2-1: Ball 3-1: Base on Balls
|
|
Batting: SHB Julio Ramos
|
Pickoff Play to 1st, Runner tries for 2nd, OUT after rundown. 0-0: Called Strike 0-1: Ground out 1-3 (Groundball, 15S, EV 68.8 MPH)
|
|
Batting: SHB Duri Chilemba
|
0-0: Called Strike 0-1: Ball 1-1: Foul Ball, location: 2F 1-2: Ball 2-2: Strikes out swinging
|
| Bottom of the 5th over - 0 runs, 0 hits, 0 errors, 0 left on base; Vermont 1 - Connecticut 0 |
| TOP OF THE 6TH |
|
Vermont Lake Monsters batting - Pitching for Connecticut Tigers : RHP Jared Barger
|
|
Batting: RHB Carlos Martinez
|
0-0: Ball 1-0: Called Strike 1-1: Ball 2-1: SINGLE (Groundball, 34S, EV 68.8 MPH) (infield hit)
|
|
Batting: RHB Mario Ramos
|
0-0: Called Strike Carlos Martinez steals 2nd base (no throw) 0-1: Foul Ball, location: 2F 0-2: Ball 1-2: Ball 2-2: Strikes out looking
|
|
Batting: LHB Cy Ostrowski
|
0-0: Ball 1-0: Called Strike 1-1: Swinging Strike 1-2: Ball 2-2: SINGLE (Groundball, 4MD, EV 111.2 MPH) Carlos Martinez to third
|
|
Batting: RHB Manny Vizzerra
|
0-0: Ball 1-0: Foul Ball, location: 2F 1-1: Ball 2-1: Ball 3-1: Foul Ball, location: 2F 3-2: Foul Ball, location: 2F 3-2: Foul Ball, location: 2F 3-2: Strikes out looking
|
|
Pitching: RHP Ruud Reintjens
|
|
|
Batting: RHB Edgar Landim
|
0-0: Ball 1-0: Called Strike 1-1: SINGLE (Groundball, 34D, EV 100.0 MPH) Carlos Martinez scores Cy Ostrowski to second Runner from 2nd tries for 3rd, SAFE, throw by RF made to third
|
|
Batting: RHB Bastiaan Leenders
|
0-0: Foul Ball, location: 2F 0-1: Ground out 4-3 (Groundball, 4, EV 106.9 MPH)
|
| Top of the 6th over - 1 run, 3 hits, 0 errors, 2 left on base; Vermont 2 - Connecticut 0 |
| BOTTOM OF THE 6TH |
|
Connecticut Tigers batting - Pitching for Vermont Lake Monsters : LHP Jeff Troxel
|
|
Batting: RHB Omar del Pino
|
0-0: Ball 1-0: Ball 2-0: TRIPLE (Groundball, 5L, EV 105.0 MPH)
|
|
Batting: LHB Jon Pedlar
|
0-0: Ball 1-0: Called Strike 1-1: Swinging Strike 1-2: Strikes out looking
|
|
Batting: RHB Jeremiah Washington
|
0-0: Called Strike 0-1: SINGLE (Flyball, 8RS, EV 93.8 MPH) Omar del Pino scores
|
|
Batting: LHB Claudio Kamminga
|
0-0: Ball 1-0: Foul Ball, location: 2F 1-1: Called Strike 1-2: Ball 2-2: Grounds into double play, 4-6-3 (Groundball, 34S, EV 86.2 MPH)
|
| Bottom of the 6th over - 1 run, 2 hits, 0 errors, 0 left on base; Vermont 2 - Connecticut 1 |
| TOP OF THE 7TH |
|
Vermont Lake Monsters batting - Pitching for Connecticut Tigers : RHP Ruud Reintjens
|
|
Batting: RHB Fathi Addae
|
0-0: Ball 1-0: Called Strike 1-1: Ball 2-1: Foul Ball, location: 2F 2-2: Foul Ball, location: 2F 2-2: Strikes out swinging
|
|
Batting: LHB Mario Cardona
|
0-0: Ball 1-0: Foul Ball, location: 2F 1-1: Ground out 4-3 (Groundball, 4MD, EV 78.1 MPH)
|
|
Batting: RHB Liangde Tseng
|
0-0: Ball 1-0: Called Strike 1-1: Foul Ball, location: 2F 1-2: Ball 2-2: Ball 3-2: Foul Ball, location: 2F 3-2: Ground out 5-3 (Groundball, 56S, EV 88.8 MPH)
|
| Top of the 7th over - 0 runs, 0 hits, 0 errors, 0 left on base; Vermont 2 - Connecticut 1 |
| BOTTOM OF THE 7TH |
|
Connecticut Tigers batting - Pitching for Vermont Lake Monsters : LHP Jeff Troxel
|
|
Batting: LHB Bobby Adams
|
0-0: Ball 1-0: Ball 2-0: Ball 3-0: Called Strike 3-1: Foul Ball, location: 2F 3-2: Foul Ball, location: 2F 3-2: DOUBLE (Groundball, 3L, EV 106.2 MPH)
|
|
Batting: LHB Glen Boyle
|
0-0: Ball 1-0: Foul Ball, location: 2F 1-1: Ball 2-1: Ball 3-1: Ground out U3 (Groundball, 34S, EV 90.0 MPH) Bobby Adams to third
|
|
Batting: RHB Emil Wilbrink
|
0-0: Called Strike Squeeze bunt is on, Bobby Adams is safe 0-2: Strikes out swinging
|
|
Batting: SHB Julio Ramos
|
0-0: Ball 1-0: DOUBLE (Line Drive, 7LM, EV 100.0 MPH)
|
|
Batting: SHB Duri Chilemba
|
0-0: DOUBLE (Groundball, 5L, EV 101.9 MPH) Julio Ramos scores
|
|
Batting: RHB Omar del Pino
|
0-0: Ball 1-0: Fly out, F8 (Line Drive, 78M, EV 101.9 MPH)
|
| Bottom of the 7th over - 2 runs, 3 hits, 0 errors, 1 left on base; Vermont 2 - Connecticut 3 |
| TOP OF THE 8TH |
|
Vermont Lake Monsters batting - Pitching for Connecticut Tigers : RHP Ruud Reintjens
|
|
Now at 1B: Bobby Adams
|
|
|
Now at 3B: Orlando Blanco
|
|
|
Now at SS: Duri Chilemba
|
|
|
Batting: RHB Carlos Martinez
|
0-0: Called Strike 0-1: Swinging Strike 0-2: Ball 1-2: Ball 2-2: Ground out U3 (Groundball, 34, EV 101.2 MPH)
|
|
Batting: RHB Mario Ramos
|
0-0: Called Strike 0-1: SINGLE (Line Drive, 7S, EV 88.1 MPH)
|
|
Pitching: LHP Jayden Carey
|
|
|
Pinch Hitting: RHB Dave Vezina
|
0-0: Ball 1-0: Fielders Choice at 2nd, 6-4 (Groundball, 6, EV 90.6 MPH)
|
|
Batting: RHB Manny Vizzerra
|
0-0: Called Strike 0-1: Ball 1-1: Ball 2-1: Ball 3-1: Called Strike 3-2: Foul Ball, location: 2F 3-2: Base on Balls Dave Vezina to second
|
|
Batting: RHB Edgar Landim
|
0-0: Fielders Choice at 2nd, 6-4 (Groundball, 6, EV 90.0 MPH)
|
| Top of the 8th over - 0 runs, 1 hit, 0 errors, 2 left on base; Vermont 2 - Connecticut 3 |
| BOTTOM OF THE 8TH |
|
Connecticut Tigers batting - Pitching for Vermont Lake Monsters : LHP Jeff Troxel
|
|
Now at 1B: Jose Zamarripa
|
|
|
Batting: LHB Jon Pedlar
|
0-0: Swinging Strike 0-1: Ball 1-1: Swinging Strike 1-2: Strikes out swinging
|
|
Pitching: RHP Ben Jennings
|
|
|
Batting: RHB Jeremiah Washington
|
0-0: Ball 1-0: Ball 2-0: Ground out 5-3 (Groundball, 56S, EV 83.8 MPH)
|
|
Batting: RHB Orlando Blanco
|
0-0: Called Strike 0-1: Swinging Strike 0-2: Ball 1-2: Ball 2-2: Ball 3-2: Strikes out looking
|
| Bottom of the 8th over - 0 runs, 0 hits, 0 errors, 0 left on base; Vermont 2 - Connecticut 3 |
| TOP OF THE 9TH |
|
Vermont Lake Monsters batting - Pitching for Connecticut Tigers : LHP Jayden Carey
|
|
Now at 3B: Duri Chilemba
|
|
|
Now at SS: Dave Carlisle
|
|
|
Batting: RHB Bastiaan Leenders
|
0-0: Ball 1-0: Ball 2-0: Ball 3-0: Base on Balls
|
|
Batting: RHB Fathi Addae
|
0-0: Bunted foul 0-1: Bunt missed! 0-2: Foul Ball, location: 2F 0-2: Ball 1-2: Ball 2-2: SINGLE (Line Drive, 89S, EV 106.9 MPH) Bastiaan Leenders to second
|
|
Batting: LHB Mario Cardona
|
0-0: Bunt missed! 0-1: Ball 1-1: Bunt missed! 1-2: Ball 2-2: Ball 3-2: Fly out, F4 (Line Drive, 4, EV 76.9 MPH)
|
|
Batting: RHB Liangde Tseng
|
0-0: Ball 1-0: Fly out, F1 (Line Drive, P, EV 68.1 MPH)
|
|
Batting: RHB Carlos Martinez
|
0-0: TRIPLE (Line Drive, 78XD, EV 105.0 MPH) Bastiaan Leenders scores Fathi Addae scores
|
|
Batting: RHB Mario Ramos
|
0-0: Called Strike 0-1: Swinging Strike 0-2: Foul Ball, location: 2F 0-2: Ball 1-2: Strikes out looking
|
| Top of the 9th over - 2 runs, 2 hits, 0 errors, 1 left on base; Vermont 4 - Connecticut 3 |
| BOTTOM OF THE 9TH |
|
Connecticut Tigers batting - Pitching for Vermont Lake Monsters : RHP Ben Jennings
|
|
Pitching: RHP Jake Gregor
|
|
|
Batting: LHB Bobby Adams
|
0-0: Ball 1-0: Ball 2-0: Foul Ball, location: 2F 2-1: SINGLE (Groundball, 6MD, EV 101.2 MPH)
|
|
Batting: LHB Glen Boyle
|
0-0: Ball 1-0: Ball 2-0: Ball 3-0: Called Strike 3-1: Foul Ball, location: 2F 3-2: Grounds into double play, 6-4-3 (Groundball, 6, EV 77.5 MPH)
|
|
Batting: RHB Emil Wilbrink
|
0-0: SINGLE (Line Drive, 7S, EV 88.1 MPH)
|
|
Batting: SHB Julio Ramos
|
0-0: Foul Ball, location: 2F 0-1: Ball 1-1: Foul Ball, location: 2F 1-2: Foul Ball, location: 2F 1-2: Hit by Pitch Emil Wilbrink to second
|
|
Pinch Hitting: LHB Tokugoro Adachi
|
0-0: Foul Ball, location: 2F 0-1: Foul Ball, location: 2F 0-2: Strikes out swinging
|
| Bottom of the 9th over - 0 runs, 2 hits, 0 errors, 2 left on base; Vermont 4 - Connecticut 3 |
|